 Dungeon Crawl Stone Soup version 0.26.1-11-gd32895ea62 (webtiles) character file.

Game seed: 15752930921199474066

8764 Almogavar the Cleaver (level 11, 0/97 HPs)
             Began as a Hill Orc Fighter on Apr 29, 2021.
             Was an Elder of Okawaru.
             Slain by an ice dragon (4 damage)
             ... on level 10 of the Dungeon on Apr 30, 2021.
             The game lasted 00:31:31 (13646 turns).

Almogavar the Cleaver (Hill Orc Fighter)           Turns: 13646, Time: 00:31:32

Health: 0/97       AC: 15    Str: 23    XL:     11   Next: 36%
Magic:  0/11       EV: 12    Int:  8    God:    Okawaru [****..]
Gold:   583        SH:  0    Dex: 10    Spells: 10/10 levels left

rFire    + . .     SeeInvis +   P - +1 broad axe (venom)
rCold    . . .     Faith    .   (no shield)
rNeg     . . .     Spirit   +   y - +0 chain mail
rPois    .         Reflect  .   u - +1 helmet
rElec    .         Harm     .   (no cloak)
rCorr    .         Rampage  .   (no gloves)
Will     .....                  (no boots)
Stlth    ..........             N - amulet of guardian spirit
HPRegen  0.26/turn              p - ring of protection from fire
MPRegen  0.12/turn              l - ring of see invisible

@: heroism, studying Crossbows
A: no striking features
a: Renounce Religion, Heroism


You were on level 10 of the Dungeon.
You worshipped Okawaru.
Okawaru was greatly pleased with you.
You visited 2 branches of the dungeon, and saw 11 of its levels.

You collected 583 gold pieces.

Inventory:

Hand Weapons
 a - a +0 war axe
 q - a +2 flail of holy wrath
 P - a +1 broad axe of venom (weapon)
Missiles
 i - 154 sling bullets
 z - 3 boomerangs
 B - 3 poisoned darts (quivered)
 I - 3 silver javelins
 L - 6 javelins
Armour
 c - a +0 kite shield
 u - a +1 helmet (worn)
 y - a +0 chain mail (worn)
 H - a +0 tower shield
 M - a +0 plate armour
Jewellery
 b - an uncursed amulet of the acrobat
 l - a ring of see invisible (right hand)
 p - a ring of protection from fire (left hand)
 N - an amulet of guardian spirit (around neck)
Wands
 n - a wand of iceblast (12)
 v - a wand of disintegration (28)
 x - a wand of flame (26)
 D - a wand of paralysis (13)
 J - a wand of random effects (24)
 R - a wand of polymorph (8)
Scrolls
 e - 3 scrolls of fear
 f - 2 scrolls of enchant armour
 s - 3 scrolls of teleportation
 t - 5 scrolls of blinking {unknown}
 A - 2 scrolls of enchant weapon {unknown}
 E - a scroll of remove curse
 F - 3 scrolls of random uselessness {unknown}
 G - a scroll of fog {unknown}
 O - a scroll of magic mapping
 Q - a scroll of acquirement {unknown}
 T - a scroll of amnesia {unknown}
Potions
 d - 4 potions of might
 h - 4 potions of flight
 j - 2 potions of brilliance
 k - 2 potions of ambrosia {unknown}
 m - 2 potions of lignification
 o - a potion of attraction {unknown}
 r - 4 potions of curing
 w - a potion of mutation {unknown}
 C - 2 potions of invisibility {unknown}
 S - a potion of resistance {unknown}
Books
 K - a manual of Crossbows


   Skills:
 + Level 9.0(14.0) Fighting
 + Level 14.0(19.0) Axes
 + Level 4.1(9.1) Throwing
 + Level 8.9(13.9) Armour
 + Level 3.0(8.0) Dodging
 + Level 7.6(12.6) Shields
 + Level 0.6 Invocations
 + Level 0.4 Evocations


You had 10 spell levels left.
You didn't know any spells.
Your spell library contained the following spells:

 Spells                   Type           Power        Failure   Level
 Shock                    Conj/Air       0%           90%         1
 Swiftness                Air            0%           97%         2
 Confusing Touch          Hex            0%           99%         3
 Gell's Gravitas          Tloc           0%           99%         3
 Static Discharge         Conj/Air       0%           99%         3
 Airstrike                Air            0%           100%        4
 Petrify                  Tmut/Erth      0%           100%        4
 Lightning Bolt           Conj/Air       0%           100%        5
 Metabolic Englaciation   Hex/Ice        0%           100%        5
 Yara's Violent Unravell  Hex/Tmut       0%           100%        5


Dungeon Overview and Level Annotations

Branches:
Dungeon (10/15)            Temple (1/1) D:7            Lair (0/6) D:9
    Orc: D:9-12

Altars:
Ashenzari
Cheibriados
Dithmenos
Elyvilon
Fedhas
Gozag
Hepliaklqana
Kikubaaqudgha
Makhleb
Nemelex Xobeh
Okawaru
Qazlal
Ru
Sif Muna
Trog
Uskayaw
Vehumet
Wu Jian
Xom
Yredelemnul
Zin
The Shining One

Shops:
D:5 [   D:7 *   D:9 (


Message History

You hit the ice dragon.
The ice dragon looks as sick as possible!
The ice dragon is heavily wounded.
The ice dragon bites you!
* * * LOW HITPOINT WARNING * * *
The ice dragon claws you.
* * * LOW HITPOINT WARNING * * *
The ice dragon tramples you but does no damage.
You feel much better. The ice dragon bites you.
The ice dragon claws you but does no damage.
The ice dragon tramples you but does no damage.
You slash the ice dragon!
The ice dragon is severely wounded.
The ice dragon breathes frost at you. The blast of cold hits you!!
* * * LOW HITPOINT WARNING * * *
You completely miss the ice dragon.
The ice dragon is severely wounded.
The ice dragon bites you.
You die...

####.#####.# #.##..# #.###
#..........# #.###.# #....
#.##.#####.# #.# #.# #.### #.##.#
##.## #.# #.## #.# #
#.##.####.#.###.# #..####.# #
#.##.....###....###....##.###
#.###........................ #.#
#.####################### #####.#
#.##...D@..##.#.#.#.#.###
......###.#..#####..##..^....##..
..........#†## ##.#..###....#..
....).##..#.# #.##.#[#...##..
......###.#.. #....##.##....[
.....## #.#.#$ #.##.).#.#.##..
.#.### #.#.##$ #[#....###..#..
.#.### #.#.. ## ..##.......##..
.....# #.##. .(##.#.#.#.#.###


You could see an ice dragon (extremely poisoned).

Vanquished Creatures
  A death knight (D:10)
  2 two-headed ogres
  A centaur skeleton (D:10)
  A troll (D:10)
  A hornet (D:10)
  A steam dragon (D:7)
  8 yaks
  Edmund (D:5)
  A water moccasin (D:6)
  2 black bears
  3 ice beasts
  An orc warrior (D:8)
  2 sky beasts
  A necrophage (D:10)
  An eye of draining (D:10)
  4 ogres
  A phantom (D:6)
  3 centaurs
  8 bullfrogs
  A water moccasin zombie (D:7)
  5 scorpions
  4 killer bees
  3 wights (D:9)
  7 howler monkeys
  2 quasits
  A bullfrog skeleton (D:6)
  6 hounds
  A bullfrog zombie (D:7)
  8 orc priests
  5 iguanas
  2 jellies
  8 orc wizards
  Terence (D:3)
  Natasha (D:3)
  12 worker ants
  A killer bee zombie (D:6)
  A hound zombie (D:3)
  5 hound skeletons
  2 worker ant zombies
  4 gnolls
  5 adders
  A howler monkey skeleton (D:10)
  3 shadow imps
  3 white imps
  An ufetubus (D:6)
  3 adder zombies (D:3)
  4 adder skeletons
  5 worms
  3 dart slugs (D:3)
  4 leopard geckos
  21 orcs
  5 giant cockroaches
  8 goblins
  4 hobgoblins
  4 jackals (D:6)
  6 kobolds
  3 quokkas
  A ball python (D:5)
  7 bats
  6 frilled lizards
  3 giant cockroach zombies
  A jackal skeleton (D:8)
  2 jackal zombies
  A quokka skeleton (D:3)
  7 rats
234 creatures vanquished.

Vanquished Creatures (others)
  A leopard gecko (D:7)
  4 fungi (D:9)
  3 plants (D:9)
  A withered plant (D:3)
9 creatures vanquished.

Grand Total: 243 creatures vanquished

Notes
Turn   | Place    | Note
-------+----------+-------------------------------------------
     0 | D:1      | Almogavar the Hill Orc Fighter began the quest for the Orb.
     0 | D:1      | Reached XP level 1. HP: 19/19 MP: 1/1
   290 | D:1      | Reached XP level 2. HP: 22/27 MP: 2/2
   389 | D:1      | Reached skill level 3 in Axes
   808 | D:1      | Reached XP level 3. HP: 30/33 MP: 3/3
   973 | D:1      | Reached skill level 1 in Dodging
  1261 | D:2      | Noticed an air elemental
  1262 | D:2      | Found a stormy altar of Qazlal.
  1264 | D:2      | Noticed a water elemental
  1270 | D:2      | Noticed an earth elemental
  1328 | D:2      | Reached skill level 4 in Axes
  1328 | D:2      | Reached XP level 4. HP: 8/40 MP: 4/4
  2412 | D:2      | Noticed a fire elemental
  2916 | D:2      | Reached XP level 5. HP: 30/46 MP: 5/5
  3360 | D:3      | Reached skill level 5 in Axes
  3883 | D:3      | Reached XP level 6. HP: 50/52 MP: 6/6
  3939 | D:3      | Noticed Natasha
  3947 | D:3      | Killed Natasha
  3974 | D:3      | Noticed Terence
  3986 | D:3      | Killed Terence
  4310 | D:4      | Reached skill level 6 in Axes
  4741 | D:4      | Found a shimmering blue altar of Sif Muna.
  5135 | D:5      | Entered Level 5 of the Dungeon
  5135 | D:5      | Found Unovix's Armour Boutique.
  5187 | D:5      | Reached XP level 7. HP: 58/60 MP: 7/7
  5349 | D:5      | Reached skill level 5 in Fighting
  5349 | D:5      | Reached skill level 7 in Axes
  5675 | D:5      | Reached skill level 5 in Armour
  6073 | D:5      | Noticed Edmund
  6088 | D:5      | Killed Edmund
  6089 | D:5      | Reached skill level 8 in Axes
  6089 | D:5      | Reached skill level 5 in Shields
  6089 | D:5      | Reached XP level 8. HP: 53/69 MP: 8/8
  6385 | D:6      | Reached skill level 9 in Axes
  7065 | D:6      | Reached skill level 10 in Axes
  7065 | D:6      | Reached skill level 1 in Throwing
  7065 | D:6      | Reached XP level 9. HP: 75/75 MP: 9/9
  8007 | D:7      | Found a burning altar of Makhleb.
  8148 | D:7      | Found a staircase to the Ecumenical Temple.
  8160 | Temple   | Entered the Ecumenical Temple
  8264 | Temple   | Became a worshipper of Warmaster Okawaru
  8551 | D:7      | Found Kaid's General Store.
  8855 | D:8      | Reached skill level 11 in Axes
  9218 | D:8      | Noticed a two-headed ogre
  9282 | D:7      | Reached * piety under Okawaru
  9813 | D:7      | Killed a two-headed ogre
  9814 | D:7      | Reached XP level 10. HP: 26/86 MP: 7/10
 10130 | D:8      | Noticed a two-headed ogre
 10791 | D:8      | Reached skill level 12 in Axes
 10795 | D:8      | Reached ** piety under Okawaru
 10890 | D:8      | Killed a two-headed ogre
 11123 | D:9      | Found a staircase to the Lair.
 11378 | D:9      | Found Uzeodwi's Antique Weapon Shop.
 11597 | D:9      | Found a blossoming altar of Fedhas.
 11604 | D:9      | Found a sparkling altar of Nemelex Xobeh.
 11860 | D:9      | Reached skill level 13 in Axes
 12083 | D:10     | Entered Level 10 of the Dungeon
 12092 | D:10     | Reached *** piety under Okawaru
 12556 | D:10     | Paralysed by a hornet for 2 turns
 12562 | D:10     | Reached XP level 11. HP: 65/95 MP: 7/11
 13324 | D:10     | Noticed a death knight
 13338 | D:10     | Killed a death knight
 13338 | D:10     | Reached **** piety under Okawaru
 13495 | D:10     | Reached skill level 14 in Axes
 13622 | D:10     | Noticed an ice dragon
 13645 | D:10     | HP: 4/97 [ice dragon/blast of cold (31)]
 13646 | D:10     | Slain by an ice dragon

Illustrated notes

Levels and vault maps discovered:
D:1:      dpeg_arrival_tiny_j, layout_loops_corners
D:2:      layout_basic, nicolae_qazlal_style_of_elements
D:3:      layout_loops_ring, serial_undead, serial_undead_c, serial_undead_d,
          serial_undead_f, serial_undead_f, serial_undead_d, serial_undead_f,
          serial_undead_e, serial_undead_b, uniq_terence, uniq_natasha
D:4:      layout_loops_corners, led_sif_pool
D:5:      layout_basic, serial_shops, shop_fountains, uniq_edmund
D:6:      layout_basic
D:7:      layout_basic, lemuel_crystal_altar,
          minmay_temple_entry_drinking_statues, serial_shops,
          nicolae_shop_behind_doors
D:8:      layout_rooms, minmay_manual_mail
D:9:      layout_gridville, dpeg_oklobed_lair, serial_shops,
          kennysheep_mini_moat, basic_altar, minivault_19,
          chequers_hall_statues_wall_a, fedhas_bush_and_centaur_altar
D:10:     minmay_the_grid_3x2 [minmay_the_grid_dragon_b,
          minmay_the_grid_tiny_cups, minmay_the_grid_tree,
          minmay_the_grid_square_x, minmay_the_grid_slots,
          minmay_the_grid_prize_diamond_cup], layout_loops_ring,
          kennysheep_generic_room_10
Temple:   kilobyte_greek_temple

Skill      XL: |  1  2  3  4  5  6  7  8  9 10 11 |
---------------+----------------------------------+-----
Axes           | 3 4 5 6 8 10 11 13 14 | 14.0
Dodging        | 1 2 3 |  3.0
Fighting       | 4 5 6 7 8 9 |  9.0
Armour         | 4 5 6 7 8 |  8.9
Shields        | 4 5 6 7 |  7.6
Throwing       | 1 2 3 4 |  4.1
Invocations    | |  0.6
Evocations     | |  0.4

Action                   |  1- 3 |  4- 6 |  7- 9 | 10-12 || total
-------------------------+-------+-------+-------+-------++-------
Melee: War axe           |    87 |   202 |   337 |   151 ||   777
       Hand axe          |    22 |    47 |       |       ||    69
       Broad axe         |       |       |       |   124 ||   124
Throw: Javelin           |       |       |    13 |     3 ||    16
       Dart              |       |       |    35 |    18 ||    53
       Boomerang         |       |       |       |    25 ||    25
Invok: Heroism           |       |       |     2 |     3 ||     5
Evoke: Wand              |       |       |     2 |       ||     2
  Use: Scroll            |     1 |     5 |     6 |     2 ||    14
       Potion            |       |       |     2 |     2 ||     4
Armor: Scale mail        |    44 |    86 |    22 |       ||   152
       Chain mail        |       |       |   129 |   108 ||   237
Dodge: Dodged            |    24 |    60 |   105 |    80 ||   269
Block: Kite shield       |    45 |   119 |   193 |    66 ||   423
